 Dungeon Crawl Stone Soup version 0.25-a0-1137-g7f6bfe439b (webtiles) character file.

Game seed: 774699908193650962, levelgen mode: deterministic

119940 HoaS the Brawler (level 16, -4/165 HPs)
             Began as a Gargoyle Berserker on May 23, 2020.
             Was the Champion of Trog.
             Killed from afar by a swamp worm (14 damage)
             ... with a harpoon shot
             ... on level 2 of the Swamp.
             The game lasted 01:33:59 (32707 turns).

HoaS the Brawler (Gargoyle Berserker)              Turns: 32707, Time: 01:34:00

Health: -4/165     AC: 41    Str: 26    XL:     16   Next: 80%
Magic:  7/7        EV: 26    Int:  9    God:    Trog [******]
Gold:   1837       SH:  0    Dex: 10    Spells: 15/15 levels left

rFire    + + .     SeeInvis .     - Unarmed
rCold    + + .     Gourm    .   (no shield)
rNeg     + . .     Faith    .   g - +14 plate armour of Greed {rF+ rC+ MP-9}
rPois    ∞         Spirit   .   I - +1 helmet
rElec    +         Reflect  .   t - scarf {rC+ rF+}
rCorr    .         Harm     .   N - +0 pair of gloves {archery}
MR       ++...                  f - +0 pair of boots
Stlth    ..........             L - amulet of the acrobat
HPRegen  0.37/turn              E - ring of protection from magic
MPRegen  0.10/turn              A - +4 ring of evasion

@: berserking (expiring), acrobat, flying, very quick
A: big wings, negative energy resistance 1, electricity resistance, unbreathing,
petrification resistance, rot immunity, AC +12
a: Stop Flying, Berserk, Trog's Hand, Brothers in Arms, Renounce Religion


You were on level 2 of the Swamp.
You worshipped Trog.
Trog was exalted by your worship.
You were not hungry.

You visited 4 branches of the dungeon, and saw 25 of its levels.
You also visited: Bailey, Ice Cave and Volcano.

You collected 3469 gold pieces.
You spent 1632 gold pieces at shops.

Inventory:

Hand Weapons
 w - a +2 longbow of freezing
Missiles
 D - 381 arrows (quivered)
Armour
 f - a +0 pair of boots (worn)
 g - the +14 plate armour of Greed (worn) {rF+ rC+ MP-9}
   (You bought it in a shop on level 7 of the Dungeon)

   It protects you from fire.
   It protects you from cold.
   It affects your magic capacity (-9).
 t - a scarf of resistance (worn)
 I - a +1 helmet (worn)
 M - a +2 crystal plate armour of cold resistance
 N - a +0 pair of gloves of archery (worn)
Jewellery
 m - an uncursed ring of see invisible
 A - a +4 ring of evasion (right hand)
 B - a +6 ring of dexterity
 E - a ring of protection from magic (left hand)
 L - an amulet of the acrobat (around neck)
Wands
 c - a wand of enslavement (11)
 o - a wand of iceblast (8)
 r - a wand of disintegration (14)
 v - a wand of flame (90)
 y - a wand of clouds (5)
 G - a wand of paralysis (7)
 J - a wand of polymorph (9)
Scrolls
 j - 7 scrolls of remove curse
 l - 7 scrolls of teleportation
 q - 2 scrolls of magic mapping
 s - 7 scrolls of identify
 x - 2 scrolls of fog
Potions
 a - 4 potions of haste
 h - 11 potions of curing
 i - 4 potions of lignification
 k - 6 potions of ambrosia
 n - 6 potions of might
 p - a potion of heal wounds
 C - 2 potions of mutation
 F - 2 potions of resistance
 H - a potion of cancellation
 K - 2 potions of berserk rage
 O - a potion of invisibility
Comestibles
 b - 36 rations


   Skills:
 + Level 16.2 Fighting
 * Level 17.1 Bows
 - Level 2.1 Armour
 - Level 1.5 Dodging
 * Level 17.5 Unarmed Combat


You had 15 spell levels left.
You didn't know any spells.
Your spell library was empty.

Dungeon Overview and Level Annotations

Branches:
Dungeon (15/15)            Temple (0/1) D:6            Lair (6/6) D:11
  Swamp (2/4) Lair:3        Snake (0/4) Lair:2        Slime (0/5) Lair:5
    Orc (2/2) D:10            Elf (0/3) Orc:2        Vaults (0/5) D:13
 Depths (0/5) D:15         Bailey (visited)           IceCv (visited)
Volcano (visited)

Altars:
Cheibriados
Elyvilon
Makhleb
Nemelex Xobeh
Okawaru
Qazlal
Sif Muna
Xom
Yredelemnul
Beogh
Jiyva

Shops:
D:7 }![?*   D:10 =   D:12 [   D:13 [   Orc:2 !((}

Annotations:
D:14 2 transporters, Nouhurghy's ghost, journeyman VSBe
Lair:5 1 runed translucent door
Swamp:2 Donald


Innate Abilities, Weirdness & Mutations

You are resistant to torment.
Your stone body is resilient. (AC +12)
You are immune to poison.
Your large and strong wings let you fly indefinitely.
You resist negative energy. (rN+)
You are resistant to electric shocks. (rElec)
You can survive without breathing.
You are immune to petrification.
You are immune to rotting.


Message History

The four-headed hydra closely misses you.
You hit the eight-headed hydra.
The eight-headed hydra is moderately wounded.
The eight-headed hydra completely misses you.
The eight-headed hydra bites you but does no damage. x5
The eight-headed hydra bites you.
* * * LOW HITPOINT WARNING * * *
The eight-headed hydra barely misses you.
You punch the eight-headed hydra! You punch the eight-headed hydra!!
The eight-headed hydra is almost dead.
The four-headed hydra bites you but does no damage. x2
The four-headed hydra completely misses you.
The four-headed hydra bites you but does no damage.
The hornet buzzes angrily.
You pummel the eight-headed hydra!!
You kill the eight-headed hydra!
Trog accepts your kill.
The swamp worm fires a harpoon shot at you.
The harpoon shot hits you!
You die...

≈≈≈≈≈≈≈....≈.≈≈
≈≈≈..≈≈≈...≈≈.≈≈.
.≈...≈≈..≈≈≈≈....♣
≈≈≈..≈♣.....≈≈≈≈≈♣
≈≈≈≈≈≈≈≈....≈≈≈≈≈♣
≈..○D...≈w≈≈≈♣≈≈.♣
..≈≈°○○☼○..≈≈≈≈≈.♣
.≈≈...☼°D≈.......♣
≈.≈.≈≈○§y≈@......♣
≈...≈≈.≈♣♣D†..>..♣♣♣
≈≈≈.≈≈≈≈≈≈.<.≈≈..≈.♣♣♣
≈≈≈.>y≈$≈≈.≈.≈..≈≈...♣♣
≈≈≈n≈≈≈≈♣♣.≈≈≈.≈≈.≈≈≈.♣
≈≈≈≈≈..≈≈♣≈...§♣?≈≈≈≈≈≈
.......♣≈♣≈.♣♣≈.≈≈..≈..
≈♣........≈≈.♣≈...≈≈≈.≈
≈≈≈...≈≈≈≈♣≈≈.≈..≈≈...


You could see a six-headed hydra, a four-headed hydra, a swamp dragon (catching
breath), a swamp worm and a hornet.

Vanquished Creatures
  Jorgrun (Orc:2)
  Kirke (Lair:4)
  Roxanne (D:14)
  An orc warlord (D:10)
  A fire dragon (D:15)
  The ghost of HYPERHYPER the Cleaver, a journeyman DDFi of Uskayaw (D:11)
  An ice dragon (D:15)
  10 hydras
  4 vault guards (D:13)
  5 centaur warriors
  A shambling mangrove (Swamp:2)
  2 ogre magi (D:15)
  8 death yaks (Lair:6)
  2 tengu warriors
  11 two-headed ogres
  6 alligators
  3 orc high priests (Orc:2)
  2 spriggans (Swamp:1)
  Nergalle (Lair:4)
  2 unseen horrors
  A swamp dragon (Swamp:1)
  6 orc knights
  4 lindwurms
  A wolf spider zombie (D:14)
  An ugly thing (D:13)
  3 cyclopes
  3 orc sorcerers
  3 deep elf magi
  A toenail golem (Volcano)
  17 elephants
  2 ice statues (IceCv)
  6 black mambas
  3 centaur zombies
  4 molten gargoyles (Volcano)
  A gargoyle (D:13)
  10 spiny frogs
  3 centaur skeletons
  4 komodo dragons
  8 rime drakes
  6 efreet
  A kobold demonologist (D:15)
  7 ice devils (IceCv)
  A tengu conjurer (D:10)
  2 trolls
  8 tyrant leeches
  2 hornets (Swamp:1)
  Grinder (D:6)
  25 slime creatures
  16 hippogriffs
  15 blink frogs
  3 bog bodies
  2 dream sheep (Lair:6)
  3 shadows
  Sigmund (D:6)
  2 wyverns
  6 basilisks
  A wraith (D:14)
  2 fire elementals (Volcano)
  11 humans
  3 hungry ghosts (D:10)
  A steam dragon (D:10)
  40 yaks
  4 hogs (D:8)
  19 vampire mosquitoes
  4 swamp worms
  3 acid dragons
  6 insubstantial wisps
  A two-headed ogre zombie (D:10)
  3 soldier ants
  18 water moccasins
  3 swamp drakes (Swamp:1)
  10 porcupines
  30 orc warriors
  4 sky beasts
  2 black bears
  A black bear (shapeshifter) (D:14)
  10 ice beasts
  2 eyes of draining
  2 necrophages
  A phantom (D:10)
  15 ogres
  5 wolves (Lair:6)
  8 centaurs
  8 crocodiles
  4 big kobolds
  13 bullfrogs
  2 wyvern zombies
  An earth elemental (Volcano)
  A troll zombie (D:10)
  3 killer bees (D:9)
  4 scorpions
  5 wights
  A howler monkey (D:9)
  8 crimson imps
  A bullfrog zombie (D:10)
  4 hounds
  6 jellies
  13 orc priests
  2 bullfrog skeletons
  Jessica (D:2)
  2 iguanas
  24 orc wizards
  Ijyb (D:4)
  Natasha (thrice) (D:2)
  4 hell rats (Lair:4)
  10 worker ants
  6 ogre zombies (D:10)
  A hound skeleton (D:4)
  A worker ant zombie (D:10)
  8 gnolls
  16 adders
  3 shadow imps
  5 white imps (IceCv)
  5 ufetubi (IceCv)
  2 oozes (D:1)
  2 adder skeletons
  An adder zombie (D:8)
  2 worms
  A dart slug (D:1)
  2 leopard geckos
  76 orcs
  8 bats (D:1)
  4 giant cockroaches
  9 goblins
  9 hobgoblins
  2 jackals (D:7)
  36 kobolds
  3 quokkas
  3 ball pythons (Lair:2)
  5 frilled lizards
  2 goblin skeletons (D:10)
  2 goblin zombies (D:10)
  A hobgoblin skeleton (D:10)
  2 hobgoblin zombies (D:10)
  2 jackal zombies
  3 orc skeletons (D:10)
  15 orc zombies (D:10)
  2 quokka skeletons
  7 rats
  A spectral orc (D:4)
  2 fire vortices (Volcano)
  A plant (Lair:5)
826 creatures vanquished.

Vanquished Creatures (collateral kills)
  An alligator (Swamp:2)
  An orc knight (Orc:2)
  An orc sorcerer (Orc:2)
  2 hornets (Swamp:2)
  2 tyrant leeches (Swamp:2)
  A slime creature (Swamp:2)
  A bog body (Swamp:2)
  A swamp drake (Swamp:2)
  An orc priest (Orc:2)
  An orc wizard (Orc:2)
12 creatures vanquished.

Vanquished Creatures (others)
  A reaper (IceCv)
  A slime creature (Swamp:1)
  A human (Lair:4)
  A centaur (D:15)
  An orc priest (Orc:2)
  5 white imps (IceCv)
  5 ufetubi (IceCv)
  3 fire vortices (Volcano)
  10 fungi
  8 plants
36 creatures vanquished.

Grand Total: 874 creatures vanquished

Notes
Turn   | Place    | Note
-------+----------+-------------------------------------------
     0 | D:1      | HoaS the Gargoyle Berserker began the quest for the Orb.
     0 | D:1      | Reached XP level 1. HP: 14/14 MP: 1/1
    16 | D:1      | Reached XP level 2. HP: 15/19 MP: 2/2
   484 | D:1      | Reached XP level 3. HP: 24/24 MP: 3/3
   499 | D:1      | Reached ** piety under Trog
   769 | D:2      | Noticed Natasha
   778 | D:2      | Killed Natasha
   778 | D:2      | Reached XP level 4. HP: 24/29 MP: 4/4
   837 | D:2      | Found a shimmering altar of Xom.
   852 | D:2      | Noticed Jessica
   880 | D:2      | Killed Jessica
  1047 | D:2      | Found a stormy altar of Qazlal.
  1062 | D:2      | Found a snail-covered altar of Cheibriados.
  1082 | D:2      | Found a burning altar of Makhleb.
  1155 | D:2      | Found an iron altar of Okawaru.
  1296 | D:2      | Found a sparkling altar of Nemelex Xobeh.
  1404 | D:2      | Reached XP level 5. HP: 34/34 MP: 5/5
  1496 | D:2      | Noticed Natasha
  1503 | D:2      | Killed Natasha
  1503 | D:2      | Reached skill level 5 in Unarmed Combat
  1631 | D:2      | Noticed Natasha
  1642 | D:2      | Killed Natasha
  2499 | D:3      | Reached *** piety under Trog
  2802 | D:4      | Reached XP level 6. HP: 40/40 MP: 6/6
  2841 | D:4      | Reached skill level 5 in Fighting
  2940 | D:4      | Found a stormy altar of Qazlal.
  3396 | D:4      | Reached XP level 7. HP: 32/44 MP: 7/7
  3496 | D:4      | Noticed Ijyb
  3504 | D:4      | Killed Ijyb
  3755 | D:4      | Found a basalt altar of Yredelemnul.
  3938 | D:5      | Entered Level 5 of the Dungeon
  4704 | D:5      | Reached XP level 8. HP: 36/52 MP: 8/8
  4916 | D:5      | Reached skill level 1 in Bows
  5143 | D:6      | Found a staircase to the Ecumenical Temple.
  5528 | D:6      | Noticed Sigmund
  5540 | D:6      | Killed Sigmund
  5544 | D:6      | Reached **** piety under Trog
  6023 | D:6      | Found a white marble altar of Elyvilon.
  6062 | D:6      | Noticed Grinder
  6066 | D:6      | Paralysed by Grinder for 4 turns
  6083 | D:6      | Killed Grinder
  6083 | D:6      | Reached XP level 9. HP: 57/58 MP: 9/9
  6311 | D:7      | Found Afa Nohaove's Distillery.
  6390 | D:7      | Found Hogyis's Magic Scroll Boutique.
  6415 | D:7      | Found Binlusen's Armour Boutique.
  6537 | D:7      | Found Geill's General Store.
  6808 | D:7      | Found Jyecetha's Gadget Shop.
  7003 | D:8      | Reached skill level 5 in Bows
  8181 | D:9      | Reached XP level 10. HP: 44/65 MP: 0/10
  8386 | D:9      | Identified the +2 mace "Vefeal" {speed, rPois MR++ Str-5
                  | Stlth+}
  8870 | D:10     | Entered Level 10 of the Dungeon
  9402 | D:10     | Found a staircase to the Orcish Mines.
  9441 | D:10     | Reached ***** piety under Trog
  9441 | D:10     | Paralysed by fainting for 10 turns
  9559 | D:10     | Reached skill level 10 in Unarmed Combat
 10136 | D:10     | Noticed a tengu warrior
 10160 | D:10     | Killed a tengu warrior
 10408 | D:10     | Found Iteamic's Jewellery Shoppe.
 10603 | D:11     | Found a flagged portal.
 10612 | Bailey   | Entered a bailey
 10634 | Bailey   | Noticed an orc knight
 10726 | Bailey   | Reached skill level 10 in Fighting
 10726 | Bailey   | Reached XP level 11. HP: 72/72 MP: 11/11
 10730 | Bailey   | Killed an orc knight
 10827 | Bailey   | Reached skill level 10 in Bows
 11853 | D:11     | Received a gift from Trog
 11898 | D:11     | Found a staircase to the Lair.
 11982 | D:11     | Found a shimmering blue altar of Sif Muna.
 12323 | D:11     | Found a runed translucent gate.
 12324 | D:11     | Found a runed translucent gate.
 12330 | D:11     | Noticed HYPERHYPER's ghost (journeyman DDFi)
 12330 | D:11     | Noticed a ten-headed hydra
 12331 | D:11     | Found a runed translucent gate.
 12331 | D:11     | Noticed a ten-headed hydra
 13437 | D:12     | Noticed a two-headed ogre
 13450 | D:12     | Killed a two-headed ogre
 13506 | D:12     | Found Gouladok's Armour Boutique.
 13645 | D:12     | Noticed a two-headed ogre
 13666 | D:12     | Killed a two-headed ogre
 14190 | Lair:1   | Entered Level 1 of the Lair of Beasts
 14310 | D:7      | Bought the +14 plate armour of Greed {rF+ rC+ MP-9} for
                  | 1141 gold pieces
 14735 | Lair:1   | Reached XP level 12. HP: 80/80 MP: 3/12
 15373 | D:7      | Bought 27 arrows for 75 gold pieces
 15975 | Lair:2   | Reached ****** piety under Trog
 16328 | Lair:2   | Found a staircase to the Snake Pit.
 17289 | Lair:3   | Found a staircase to the Swamp.
 17436 | Lair:3   | Reached XP level 13. HP: 87/87 MP: 4/13
 17927 | Lair:4   | Received a gift from Trog
 17948 | Lair:4   | Noticed Kirke
 17962 | Lair:4   | Found a dark tunnel.
 17969 | Volcano  | Entered a volcano
 18472 | Lair:4   | Killed Kirke
 18615 | Lair:4   | Noticed Nergalle
 18628 | Lair:4   | Killed Nergalle
 19754 | Lair:5   | Noticed an azure jelly
 19754 | Lair:5   | Noticed an azure jelly
 19755 | Lair:5   | Found a runed translucent door.
 19755 | Lair:5   | Found a viscous altar of Jiyva.
 19755 | Lair:5   | Found a staircase to the Slime Pits.
 19755 | Lair:5   | Noticed an azure jelly
 20089 | Lair:6   | Entered Level 6 of the Lair of Beasts
 20089 | Lair:6   | Found a frozen archway.
 20337 | IceCv    | Entered an ice cave
 20824 | IceCv    | Received a gift from Trog
 20824 | IceCv    | Gained mutation: Your large and strong wings let you fly
                  | indefinitely. [Gargoyle growth]
 20824 | IceCv    | Reached XP level 14. HP: 16/94 MP: 5/14
 20831 | IceCv    | Killed a reaper
 23420 | Lair:6   | Received a gift from Trog
 23491 | Lair:6   | Reached skill level 15 in Unarmed Combat
 23945 | Orc:1    | Entered Level 1 of the Orcish Mines
 24022 | Orc:1    | Noticed an orc warlord
 24071 | D:10     | Killed an orc warlord
 24337 | Orc:1    | Found a roughly hewn altar of Beogh.
 24898 | Orc:1    | Identified a scroll of acquirement
 24903 | Orc:2    | Entered Level 2 of the Orcish Mines
 24903 | Orc:2    | Found a staircase to the Elven Halls.
 25172 | Orc:1    | Reached XP level 15. HP: 98/101 MP: 6/15
 25366 | Orc:2    | Received a gift from Trog
 25366 | Orc:2    | Reached skill level 15 in Bows
 25388 | Orc:2    | Noticed Jorgrun
 25413 | Orc:2    | Killed Jorgrun
 25543 | Orc:2    | Reached skill level 15 in Fighting
 26244 | Orc:2    | Found Coch's Gadget Shop.
 26244 | Orc:2    | Found Suniduc's Distillery.
 26247 | Orc:2    | Found Baonior's Weapon Emporium.
 26247 | Orc:2    | Found Qeaq's Antique Weapon Shop.
 26577 | D:13     | Found Byfe's Armour Boutique.
 26588 | D:13     | Bought a scarf of resistance for 416 gold pieces
 26689 | D:13     | Received a gift from Trog
 27113 | D:13     | Found a gate to the Vaults.
 27849 | D:14     | Noticed Nouhurghy's ghost (journeyman VSBe)
 27946 | D:14     | Identified Roxanne's Papyrus of Transmutation
 27946 | D:14     | Noticed Roxanne
 27969 | D:14     | Killed Roxanne
 28301 | D:14     | Found a transporter.
 28303 | D:14     | Found a transporter.
 28478 | D:14     | Received a gift from Trog
 29139 | D:11     | Killed HYPERHYPER's ghost
 29439 | D:15     | Entered Level 15 of the Dungeon
 29464 | D:14     | Reached XP level 16. HP: 82/108 MP: 7/16
 30550 | D:15     | Found a staircase to the Depths.
 31073 | Swamp:1  | Entered Level 1 of the Swamp
 32602 | Swamp:1  | Received a gift from Trog
 32606 | Swamp:2  | Noticed Donald
 32707 | Swamp:2  | Killed from afar by a swamp worm

Illustrated notes

Levels and vault maps discovered:
D:1:      scummos_arrival_forest, layout_loops_cross, st_stairs_13,
          minmay_pentomino_u2
D:2:      layout_basic, overflow_temple_1_default,
          nicolae_overflow_quartered_altars, first_ration,
          nemelex_diamond_rough_becter, uniq_jessica, uniq_natasha
D:3:      layout_loops_corners
D:4:      layout_loops_corners, yredelemnul_forgotten_temple_becter,
          grunt_qazlal_sundering, uniq_ijyb
D:5:      layout_loops_ring
D:6:      layout_loops_ring, kennysheep_mini_moat,
          minmay_temple_entry_butterflies, uniq_grinder, uniq_sigmund
D:7:      layout_basic, serial_shops, shop, shop_statue,
          nicolae_shop_window_shopping, kennysheep_mini, nicolae_shop_stone
D:8:      layout_loops_corners, grunt_livestock
D:9:      layout_basic, serial_bayou_pond_a, kennysheep_potato
D:10:     kennysheep_big_flooded_room, layout_irregular_city, zombieorc2_lemuel,
          serial_shops, shop
D:11:     layout_stronghold, lair_entry_dummy, lightli_bailey_entry_fortress,
          basic_altar, gammafunk_ghost_hydra_chop,
          minmay_misc_feat_secret_circle
D:12:     layout_basic, serial_shops, shop, serial_glass, glass_columns_a,
          glass_columns_a
D:13:     layout_irregular_city, ximxim_vaults_locker_room, serial_shops,
          nicolae_shop_waterfront, minmay_misc_feat_diagonals,
          serial_bayou_pond_d
D:14:     layout_basic, gammafunk_ghost_mausoleum, uniq_roxanne
D:15:     grunt_enter_depths_hoard, layout_small_grid, minmay_misc_feat_roman
Lair:1:   layout_gridlike
Lair:2:   layout_cave_pods, minmay_snake_entry_six_corridors
Lair:3:   layout_roguey, minmay_swamp_entry_worms
Lair:4:   layout_regular_city, enter_volcano_2, serial_bayou_shore_a,
          uniq_kirke, uniq_nergalle
Lair:5:   layout_loops_ring, slime_altar_2, lemuel_fruit_fields
Lair:6:   hangedman_lair_in_review, layout_cave_shapes,
          portal_ice_cave_entry_ice_beasts
Swamp:1:  layout_basic_swamp, evilmike_swamp_ruin_house_5
Swamp:2:  layout_falls_marsh, evilmike_swamp_ruin_wall, uniq_donald
Orc:1:    layout_caves, basic_altar
Orc:2:    grunt_orc_tribal_feast, layout_caves, uniq_jorgrun

Skill      XL: |  1  2  3  4  5  6  7  8  9 10 11 12 13 14 15 16 |
---------------+-------------------------------------------------+-----
Unarmed Combat | 4 5 6 7 8 9 10 11 12 14 15 16 17 | 17.5
Fighting       | 4 5 6 7 8 10 11 12 13 14 15 16 | 16.2
Bows           | 4 7 9 11 12 14 16 17 | 17.1
Armour         | |  2.1
Dodging        | |  1.5

Action                   |  1- 3 |  4- 6 |  7- 9 | 10-12 | 13-15 | 16-18 || total
-------------------------+-------+-------+-------+-------+-------+-------++-------
Melee: Unarmed           |   103 |   204 |   309 |   955 |  1336 |   464 ||  3371
       Punch             |     1 |     2 |    13 |    39 |    91 |    37 ||   183
       Longbow           |       |       |       |       |     1 |       ||     1
 Fire: Shortbow          |       |       |       |   172 |   171 |       ||   343
       Longbow           |       |       |       |       |   138 |    16 ||   154
Invok: Berserk           |       |       |       |     5 |     4 |     1 ||    10
       Trog's Hand       |       |       |       |       |     4 |     1 ||     5
       Brothers in Arms  |       |       |       |       |     1 |     1 ||     2
 Abil: Fly               |       |       |       |       |     1 |       ||     1
  Use: Scroll            |       |       |    15 |    12 |    10 |     3 ||    40
       Potion            |       |       |       |     2 |     3 |     3 ||     8
 Stab: Confused          |       |       |       |       |       |     2 ||     2
  Eat: Chunk             |       |     8 |    15 |    31 |    36 |     7 ||    97
       Ration            |       |       |       |     3 |     2 |     2 ||     7
Armor: Animal skin       |    12 |       |       |       |       |       ||    12
       Scale mail        |    49 |    82 |   155 |    10 |       |       ||   296
       Plate armour      |       |       |       |   546 |   878 |   435 ||  1859
       Chain mail        |       |       |       |   137 |       |       ||   137
       Crystal plate arm |       |       |       |       |    56 |    49 ||   105
Dodge: Dodged            |    88 |    78 |   130 |   334 |   610 |   410 ||  1650
Block: Other             |       |       |       |       |   215 |       ||   215
       Reflection        |       |       |       |       |     1 |       ||     1

Table legend:
 A = Non-vault XP
 B = Vault XP
 C = Vault XP percentage of total XP
 D = Non-vault monster count
 E = Vault monster count
 F = Vault count percentage of total count
                 A         B        C        D         E       F
            +---------+---------+-------+---------+---------+-------
      Total |  118733 |   52611 |  30.7 |     613 |     221 |  26.5
            +---------+---------+-------+---------+---------+-------
        D:1 |      50 |       6 |  10.7 |      23 |       3 |  11.5
        D:2 |     117 |      72 |  38.1 |      10 |       2 |  16.7
        D:3 |      43 |       0 |   0.0 |      16 |       0 |   0.0
        D:4 |     460 |      37 |   7.4 |      19 |       2 |   9.5
        D:5 |     698 |       0 |   0.0 |      10 |       0 |   0.0
        D:6 |     644 |     504 |  43.9 |      19 |       2 |   9.5
        D:7 |      93 |       0 |   0.0 |       6 |       0 |   0.0
        D:8 |     245 |     956 |  79.6 |       8 |       5 |  38.5
        D:9 |    1138 |       0 |   0.0 |      23 |       0 |   0.0
       D:10 |    4938 |     991 |  16.7 |      51 |      38 |  42.7
       D:11 |     593 |    3116 |  84.0 |      10 |      15 |  60.0
       D:12 |    4528 |       0 |   0.0 |      32 |       0 |   0.0
       D:13 |    7128 |    5432 |  43.2 |      30 |      12 |  28.6
       D:14 |   16562 |    2036 |  10.9 |      52 |       1 |   1.9
       D:15 |   13625 |    2096 |  13.3 |      31 |       2 |   6.1
     Lair:1 |    4096 |       0 |   0.0 |      19 |       0 |   0.0
     Lair:2 |    8388 |    2294 |  21.5 |      29 |      17 |  37.0
     Lair:3 |    5094 |     459 |   8.3 |      22 |       2 |   8.3
     Lair:4 |    1138 |    2956 |  72.2 |       8 |       2 |  20.0
     Lair:5 |    6970 |     895 |  11.4 |      19 |       7 |  26.9
     Lair:6 |   16839 |   10450 |  38.3 |      52 |      22 |  29.7
    Swamp:1 |   13420 |       0 |   0.0 |      44 |       0 |   0.0
    Swamp:2 |    6828 |       0 |   0.0 |      18 |       0 |   0.0
      Orc:1 |    3238 |       0 |   0.0 |      37 |       0 |   0.0
      Orc:2 |    1860 |   10118 |  84.5 |      25 |      30 |  54.5
     Bailey |       0 |    1589 | 100.0 |       0 |      27 | 100.0
      IceCv |       0 |    3413 | 100.0 |       0 |      19 | 100.0
    Volcano |       0 |    5191 | 100.0 |       0 |      13 | 100.0
            +---------+---------+-------+---------+---------+-------
